 Dungeon Crawl Stone Soup version 0.32-a0-131-g9dbbe29261 (webtiles) character file.

Game seed: 7523106716516574158

25 Esekla the Sneak (level 3, 0/26 HPs)
             Began as an Octopode Delver on Feb 8, 2024.
             Was an Initiate of Gozag.
             Slain by a gnoll
             ... wielding a +0 club
              (7 damage)
             ... on level 4 of the Dungeon.
             The game lasted 00:03:32 (308 turns).

Esekla the Sneak (Octopode Delver)                   Turns: 308, Time: 00:03:32

Health: 0/26       AC:  1    Str: 17    XL:     3   Next: 6%
Magic:  3/3        EV: 13    Int: 14    God:    Gozag
Gold:   68         SH:  0    Dex: 13    Spells: 2/2 levels left

rFire   . . .        a - +0 falchion
rCold   . . .        (no shield)
rNeg    . . .        (helmet restricted)
rPois   .            (no amulet)
rElec   .            c - +6 ring of strength
rCorr   .            (no ring)
SInv    .            (no ring)
Will    .....        (no ring)
Stlth   ++++         (no ring)
HPRegen 0.24/turn    (no ring)
MPRegen 0.08/turn    (no ring)
                     (no ring)

%: no passive effects
@: gold aura
A: almost no armour, amphibious, 8 rings, camouflage 1, gelatinous body 1,
(nimble swimmer 1), tentacles
a: Renounce Religion, Potion Petition, Call Merchant, Bribe Branch


You were on level 4 of the Dungeon.
You worshipped Gozag.
Gozag was noncommittal.
You visited 2 branches of the dungeon, and saw 3 of its levels.

You collected 75 gold pieces.
You paid 7 gold pieces to Gozag.

Inventory:

Hand Weapons
 a - a +0 falchion (weapon)
 g - a +0 dagger
Missiles
 e - 5 poisoned darts (quivered)
Jewellery
 c - a +6 ring of strength (left tentacle)
Wands
 f - a wand of digging (3)
Scrolls
 b - a scroll of fog
Potions
 d - a potion of attraction {unknown}


   Skills:
 * Level 3.2 Fighting
 + Level 2.0 Long Blades
 * Level 2.2 Dodging
 + Level 7.2 Stealth
 * Level 0.4 Spellcasting
 * Level 0.1 Ice Magic


You had 2 spell levels left.
You didn't know any spells.
Your spell library contained the following spells:

 Spells                   Type           Power      Damage    Failure   Level
 Freeze                   Ice            0%         1d3       26%         1
 Frozen Ramparts          Ice            0%         1d1       61%         3
 Hailstorm                Conj/Ice       0%         3d5       63%         3


Dungeon Overview and Level Annotations

Branches:
Dungeon (5/15)             Temple (1/1) D:5

Altars:
Ashenzari
Cheibriados
Dithmenos
Elyvilon
Fedhas
Gozag
Hepliaklqana
Kikubaaqudgha
Makhleb
Nemelex Xobeh
Okawaru
Qazlal
Ru
Sif Muna
Trog
Uskayaw
Vehumet
Wu Jian
Xom
Zin
The Shining One

Shops:
D:5 (


Innate Abilities, Weirdness & Mutations

You cannot wear most types of armour.
You are amphibious.
You can wear up to eight rings at the same time.
Your skin changes colour to match your surroundings (Stealth+).
Your rubbery body absorbs attacks. (AC +1, EV +1)
((You are camouflaged when in or above water. (Stealth+)))
You have tentacles for arms and can constrict up to eight enemies at once.


Message History

You hit the giant cockroach.
You kill the giant cockroach!
You now have 68 gold pieces (gained 8).
You see here a +0 plate armour.
There is an escape hatch in the floor here.
An endoplasm comes into view.
Found a scroll labelled GEAWUCS ETIPP.
A gnoll comes into view.
It is wielding a +0 whip and quivering 2 throwing nets.
The gnoll shouts!
You hear a shout!
The gnoll throws a throwing net.
The throwing net hits you.
You become entangled in the net!
A gnoll comes into view. It is wielding a +0 club.
You see here a throwing net.
You struggle against the net.
You struggle against the net.
You struggle against the net.
You struggle against the net.
The gnoll barely misses you.
You rip the net and break free!
The gnoll hits you with a +0 whip.
You barely miss the gnoll. You grab the gnoll. You constrict the gnoll.
The gnoll closely misses you. The gnoll barely misses you.
You hit the gnoll.
The gnoll is moderately wounded.
You constrict the gnoll.
The gnoll escapes!
The gnoll attacks as it pursues you! The gnoll hits you with a +0 whip!
You hit the gnoll. You grab the gnoll. You squeeze the gnoll.
You kill the gnoll!
You have reached level 3!
Your experience leads to an increase in your attributes!
Your base attributes are Str 11, Int 12, Dex 13.
Increase (S)trength, (I)ntelligence, or (D)exterity?
You feel clever. x2
You barely miss the gnoll. You grab the gnoll.
You tentacle-slap the gnoll, but do no damage.
You constrict the gnoll. The gnoll hits you with a +0 club.
* * * LOW HITPOINT WARNING * * *
You hit the gnoll. You squeeze the gnoll!
The gnoll is severely wounded.
You constrict the gnoll. The gnoll hits you with a +0 club!
You die...
Your body crumbles into a pile of gold.

## #.# # .. .?. .#.#
#.# .###.###.... ...
.. .#...#.#..####.#
#.## ..... .... ...#
#.#. ... #..# #..#
#.#. #.# #..# #..#
#.#.
#.####..###..####.#.
#.g@......>.[...#.#.
########..###.........
..........# #####.#...
##........# #.###.
J..######.# #.##.. .
#.# #.##>. #.# #.##..
#.# #<##.. .# #. #.#


You could see a gnoll.

Vanquished Creatures
  A gnoll (D:4)
  An adder (D:4)
  A dart slug (D:4)
  An endoplasm (D:4)
  A giant cockroach (D:4)
  A kobold (D:4)
6 creatures vanquished.

Notes
Turn   | Place    | Note
-------+----------+-------------------------------------------
     0 | D:5      | Esekla the Octopode Delver began the quest for the Orb.
     0 | D:5      | Reached XP level 1. HP: 16/16 MP: 1/1
     5 | D:5      | Found Riup's Weapon Emporium.
    45 | D:5      | Found a staircase to the Ecumenical Temple.
    52 | D:5      | Noticed a phantom
    54 | Temple   | Entered the Ecumenical Temple
    62 | D:5      | Noticed a water moccasin
    87 | Temple   | Became a worshipper of Gozag Ym Sagoz the Greedy
   118 | D:5      | Noticed a bombardier beetle
   147 | D:4      | Reached XP level 2. HP: 21/21 MP: 2/2
   185 | D:4      | Reached skill level 7 in Stealth
   241 | D:4      | Noticed an ogre
   307 | D:4      | Reached XP level 3. HP: 13/26 MP: 3/3
   308 | D:4      | Slain by a gnoll

Illustrated notes

Levels and vault maps discovered:
D:4:      layout_loops_ring, mainiacjoe_overflow_alcove_2, gammafunk_ghost_grave
D:5:      layout_loops_cross, minmay_temple_entry_waves, serial_shops, shop,
          kennysheep_cross_room, uniq_crazy_yiuf_cottage
Temple:   nicolae_temple_the_god_donut

Skill      XL: |  1  2 |
---------------+-------+-----
Stealth        | 7 |  7.2
Fighting       | |  3.2
Long Blades    | |  2.0
Dodging        | |  2.2
Spellcasting   | |  0.4
Ice Magic      | |  0.1

Action                     || total
---------------------------++-------
  Melee: Falchion          ||    15
         Constrict         ||     5
         Tentacles         ||     5
         Punch             ||     1
    Use: Scroll            ||     2
         Potion            ||     1
   Stab: Sleeping          ||     2
 Armour: Skin              ||     8
  Dodge: Dodged            ||    10

Table legend: (Time is in decaauts)
 A = Elapsed time spent in this place.
 B = Non-inter-level travel time spent in this place.
 C = Inter-level travel time spent in this place.
 D = Time resting spent in this place.
 E = Time spent auto-exploring this place.
 F = Levels seen in this place.
 G = Mean time per level.
                   A        B        C        D        E       F      G
               +--------+--------+--------+--------+--------+-----+--------+
         Total |    296 |    296 |      0 |      0 |     21 |   3 |   98.7 |
       Dungeon |    271 |    271 |      0 |      0 |     21 |   2 |  135.5 |
        Temple |     25 |     25 |      0 |      0 |      0 |   1 |   25.0 |
               +--------+--------+--------+--------+--------+-----+--------+

Top non-repeatable levels by time:
     D:4: 180 daAuts
     D:5: 90 daAuts
  Temple: 25 daAuts
